 Dungeon Crawl Stone Soup version 0.25-a0-890-g62861fb (webtiles) character file.

Game seed: 4427006705313393828, levelgen mode: deterministic

41 robertstho the Ruffian (level 3, -6/36 HPs)
             Began as a Troll Berserker on May 7, 2020.
             Was a Believer of Trog.
             Mangled by Terence
             ... wielding a +0 mace
              (8 damage)
             ... on level 2 of the Dungeon.
             The game lasted 00:00:56 (652 turns).

robertstho the Ruffian (Troll Berserker)             Turns: 652, Time: 00:00:56

Health: -6/36      AC:  6    Str: 24 (25) XL:     3   Next: 32%
Magic:  2/2        EV: 10    Int:  1 (4)  God:    Trog [**....]
Gold:   46         SH:  0    Dex:  6 (9)  Spells: 2/2 levels left

rFire    . . .     SeeInvis .     - Unarmed
rCold    . . .     Gourm    +   (no shield)
rNeg     . . .     Faith    .   a - +0 animal skin
rPois    .         Spirit   .   (helmet restricted)
rElec    .         Reflect  .   (no cloak)
rCorr    .         Harm     .   (gloves unavailable)
MR       .....                  (boots unavailable)
Stlth    +.........             (no amulet)
HPRegen  0.52/turn              (no ring)
MPRegen  0.08/turn              (no ring)

@: berserk cooldown, slowed, very slow
A: large, unfitting armour, claws 3, fast metabolism 3, gourmand, regeneration
1, shaggy fur 1, tough skin 3
a: Berserk, Trog's Hand, Renounce Religion


You were on level 2 of the Dungeon.
You worshipped Trog.
Trog was pleased with you.
You were full.

You visited 1 branch of the dungeon, and saw 2 of its levels.

You collected 46 gold pieces.

Inventory:

Armour
 a - a +0 animal skin (worn)
Scrolls
 c - a scroll of enchant armour {unknown}
 d - 4 scrolls of identify {unknown}
 e - a scroll of remove curse {unknown}
 f - a scroll of enchant weapon {unknown}
 h - a scroll of random uselessness {unknown}
 i - a scroll of fear {unknown}
 j - a scroll of teleportation {unknown}
Comestibles
 b - 3 rations


   Skills:
 * Level 2.7 Fighting
 + Level 2.6 Dodging
 + Level 0.1 Stealth
 * Level 3.8 Unarmed Combat


You had 2 spell levels left.
You didn't know any spells.
Your spell library was empty.

Dungeon Overview and Level Annotations

Branches:
Dungeon (2/15)

Altars:

Annotations:
D:2 Robin, Terence


Innate Abilities, Weirdness & Mutations

You are too large for most types of armour.
You have claws for hands.
Your metabolism is lightning-fast.
You like to eat raw meat.
Your natural rate of healing is unusually fast.
You are covered in fur. (AC +1)
You have extremely tough skin. (AC +3)


Message History

Terence barely misses you.
Robin roars a battlecry!
The goblin goes into a battle-frenzy!
The bat moves out of view.
Robin throws the goblin at you! The goblin hits you with a +0 club.
* * * LOW HITPOINT WARNING * * *
Terence barely misses you.
Things that are here:
a +0 dagger; a +0 hunting sling; 14 stones You closely miss the goblin.
The goblin hits you but does no damage. Robin closely misses you.
Terence hits you but does no damage.
You barely miss the goblin. The goblin hits you with a +0 club.
* * * LOW HITPOINT WARNING * * *
Robin hits you but does no damage. Terence hits you but does no damage.
The goblin closely misses you.
You claw the goblin!
You kill the goblin!
Trog accepts your kill. Robin closely misses you.
Terence hits you with a +0 mace!
You die...

### #.# #.# #.####
#...<# #.#######
#........
###########..######
......)@@g)..#
.##########)!#
.....!


gg....... ........... #........... #........... #.....[..... You could see
Terence and Robin.

Vanquished Creatures
  An ooze (D:1)
  A dart slug (D:1)
  2 giant cockroaches (D:1)
  10 goblins (D:2)
  2 hobgoblins (D:2)
  4 jackals (D:1)
  3 bats (D:1)
  2 frilled lizards (D:1)
  4 kobolds (D:1)
  A rat (D:1)
30 creatures vanquished.

Notes
Turn   | Place    | Note
-------+----------+-------------------------------------------
     0 | D:1      | robertstho the Troll Berserker began the quest for the Orb.
     0 | D:1      | Reached XP level 1. HP: 22/22 MP: 0/0
   207 | D:1      | Reached XP level 2. HP: 29/29 MP: 1/1
   615 | D:2      | Noticed Robin
   618 | D:2      | Reached XP level 3. HP: 33/36 MP: 2/2
   618 | D:2      | Noticed Terence
   635 | D:2      | Reached ** piety under Trog
   649 | D:2      | HP: 1/36 [goblin/+0 club[Robin] (6)]
   652 | D:2      | Mangled by Terence

Levels and vault maps discovered:
D:1:      dpeg_arrival_shelter, layout_loops_ring, feat_on_display
D:2:      layout_basic, chequers_ecumenical_altar_twisty, uniq_robin,
          uniq_terence, uniq_crazy_yiuf_cottage

Action                   || total
-------------------------++-------
Melee: Unarmed           ||    74
       Punch             ||     1
Invok: Berserk           ||     1
  Use: Potion            ||     1
 Stab: Sleeping          ||     1
  Eat: Chunk             ||     9
Armor: Animal skin       ||    35
Dodge: Dodged            ||    53

Table legend:
 A = Non-vault XP
 B = Vault XP
 C = Vault XP percentage of total XP
 D = Non-vault monster count
 E = Vault monster count
 F = Vault count percentage of total count
                 A         B        C        D         E       F
            +---------+---------+-------+---------+---------+-------
      Total |      37 |      22 |  37.3 |      18 |      12 |  40.0
            +---------+---------+-------+---------+---------+-------
        D:1 |      37 |       0 |   0.0 |      18 |       0 |   0.0
        D:2 |       0 |      22 | 100.0 |       0 |      12 | 100.0
            +---------+---------+-------+---------+---------+-------
